NCAA
TEXAS LONGHORNS @ COLORADO BUFFALOES
04/18/2028
 
TOP OF THE 1ST
Texas Longhorns batting - Pitching for Colorado Buffaloes : RHP Willard Castillo
Pitching: RHP Willard Castillo
Batting: RHB Frank Music 0-0: Swinging Strike
0-1: Called Strike
0-2: Ball
1-2: Ground out 5-3 (Groundball, 5)
Batting: SHB Fabio Morán 0-0: Called Strike
0-1: Ball
1-1: DOUBLE (Flyball, 8RXD)
Batting: RHB Joe Rogers 0-0: 2-RUN HOME RUN (Flyball, 78XD), Distance : 375 ft
Batting: SHB Randy Anderson 0-0: Called Strike
0-1: Hit by Pitch
Batting: RHB Gabriel Byram 0-0: Ball
1-0: Foul Ball, location: 2F
1-1: Called Strike
1-2: Foul Ball, location: 2F
1-2: Strikes out swinging
Batting: RHB Quentin Barker 0-0: Called Strike
0-1: Foul Ball, location: 2F
0-2: Ball
1-2: Foul Ball, location: 2F
1-2: Foul Ball, location: 2F
1-2: Foul Ball, location: 2F
1-2: Ball
2-2: Foul Ball, location: 2F
2-2: Ball
3-2: SINGLE (Groundball, 56S) (infield hit)
Randy Anderson to second
Batting: SHB Del McNeill 0-0: Ball
1-0: Foul Ball, location: 2F
1-1: Foul Ball, location: 2F
1-2: Fielders Choice at 2nd, 4-6 (Groundball, 4)
Top of the 1st over - 2 run(s), 3 hit(s), 0 error(s), 1 left on base; Texas 2 - Colorado 0
BOTTOM OF THE 1ST
Colorado Buffaloes batting - Pitching for Texas Longhorns : RHP Clarence Holmes
Pitching: RHP Clarence Holmes
Batting: SHB Justin Collier 0-0: Ground out 3-1 (Groundball, 34)
Batting: RHB Eddie Woods 0-0: Ball
1-0: Called Strike
1-1: Fly out, F9 (Flyball, 89M)
Batting: LHB Claudio Jaramillo 0-0: Ball
1-0: Ball
2-0: Ball
3-0: Base on Balls
Batting: RHB Preston Manning 0-0: Ball
1-0: Called Strike
1-1: Ball
2-1: Foul Ball, location: 2F
2-2: Ball
3-2: Ground out 4-3 (Groundball, 4S)
Bottom of the 1st over - 0 run(s), 0 hit(s), 0 error(s), 1 left on base; Texas 2 - Colorado 0
TOP OF THE 2ND
Texas Longhorns batting - Pitching for Colorado Buffaloes : RHP Willard Castillo
Batting: SHB Dave Hickman 0-0: Called Strike
0-1: Fly out, F4 (Line Drive, 4)
Batting: RHB William Gilmore 0-0: Ground out 1-3 (Groundball, P)
Batting: RHB Frank Music 0-0: Ball
1-0: Foul Ball, location: 2F
1-1: Ball
2-1: Ball
3-1: Base on Balls
Batting: SHB Fabio Morán 0-0: Ball
1-0: Called Strike
1-1: Ball
2-1: Fielders Choice at 2nd, 4-6 (Groundball, 4)
Top of the 2nd over - 0 run(s), 0 hit(s), 0 error(s), 0 left on base; Texas 2 - Colorado 0
BOTTOM OF THE 2ND
Colorado Buffaloes batting - Pitching for Texas Longhorns : RHP Clarence Holmes
Batting: LHB Wayne Morgan 0-0: Ball
1-0: Ground out 6-3 (Groundball, 6)
Batting: RHB Bill Peterson 0-0: Called Strike
0-1: Ball
1-1: Ball
2-1: Foul Ball, location: 2F
2-2: Ball
3-2: Foul Ball, location: 2F
3-2: Strikes out looking
Batting: RHB Jason Taylor 0-0: Foul Ball, location: 2F
0-1: Called Strike
0-2: Foul Ball, location: 2F
0-2: Ball
1-2: Strikes out swinging
Bottom of the 2nd over - 0 run(s), 0 hit(s), 0 error(s), 0 left on base; Texas 2 - Colorado 0
TOP OF THE 3RD
Texas Longhorns batting - Pitching for Colorado Buffaloes : RHP Willard Castillo
Batting: RHB Joe Rogers 0-0: Ground out 4-3 (Groundball, 4)
Batting: SHB Randy Anderson 0-0: Called Strike
0-1: Fly out, F9 (Flyball, 89M)
Batting: RHB Gabriel Byram 0-0: Called Strike
0-1: Ball
1-1: Ball
2-1: Foul Ball, location: 2F
2-2: Ball
3-2: Base on Balls
Batting: RHB Quentin Barker 0-0: Foul Ball, location: 2F
0-1: Ball
1-1: Ball
2-1: Ball
3-1: Fly out, F9 (Line Drive, 9)
Top of the 3rd over - 0 run(s), 0 hit(s), 0 error(s), 1 left on base; Texas 2 - Colorado 0
BOTTOM OF THE 3RD
Colorado Buffaloes batting - Pitching for Texas Longhorns : RHP Clarence Holmes
Batting: SHB Edgardo Guzmán 0-0: Ball
1-0: Foul Ball, location: 2F
1-1: Ball
2-1: Ball
3-1: Called Strike
3-2: Base on Balls
Batting: RHB Jeff Atkinson 0-0: Ball
1-0: Called Strike
1-1: Ball
2-1: Fly out, F6 (Popup, 6D)
Batting: SHB Justin Collier 0-0: Ball
1-0: Swinging Strike
1-1: Grounds into double play, 4-6-3 (Groundball, 34)
Bottom of the 3rd over - 0 run(s), 0 hit(s), 0 error(s), 0 left on base; Texas 2 - Colorado 0
TOP OF THE 4TH
Texas Longhorns batting - Pitching for Colorado Buffaloes : RHP Willard Castillo
Batting: SHB Del McNeill 0-0: Called Strike
0-1: Ball
1-1: Called Strike
1-2: Foul Ball, location: 2F
1-2: Strikes out swinging
Batting: SHB Dave Hickman 0-0: Called Strike
0-1: Ball
1-1: Foul Ball, location: 2F
1-2: Fly out, F6 (Popup, 4MD)
Batting: RHB William Gilmore 0-0: Ball
1-0: Ball
2-0: Called Strike
2-1: Ball
3-1: Base on Balls
Batting: RHB Frank Music 0-0: Ball
1-0: Foul Ball, location: 2F
1-1: Foul Ball, location: 2F
1-2: Strikes out swinging
Top of the 4th over - 0 run(s), 0 hit(s), 0 error(s), 1 left on base; Texas 2 - Colorado 0
BOTTOM OF THE 4TH
Colorado Buffaloes batting - Pitching for Texas Longhorns : RHP Clarence Holmes
Batting: RHB Eddie Woods 0-0: Ball
1-0: Ball
2-0: Foul Ball, location: 2F
2-1: Ball
3-1: Called Strike
3-2: Fly out, F5 (Line Drive, 5S)
Batting: LHB Claudio Jaramillo 0-0: Ball
1-0: Ball
2-0: Ball
3-0: Called Strike
3-1: SINGLE (Line Drive, 34D)
Batting: RHB Preston Manning 0-0: Swinging Strike
0-1: Ball
1-1: Ball
2-1: Swinging Strike
2-2: Strikes out looking
Batting: LHB Wayne Morgan 0-0: Called Strike
0-1: Called Strike
0-2: Ball
1-2: Foul Ball, location: 2F
1-2: Ball
2-2: Ball
3-2: Strikes out looking
Bottom of the 4th over - 0 run(s), 1 hit(s), 0 error(s), 1 left on base; Texas 2 - Colorado 0
TOP OF THE 5TH
Texas Longhorns batting - Pitching for Colorado Buffaloes : RHP Willard Castillo
Batting: SHB Fabio Morán 0-0: Called Strike
0-1: Called Strike
0-2: Ball
1-2: Strikes out swinging
Batting: RHB Joe Rogers 0-0: Ball
1-0: Ball
2-0: Foul Ball, location: 2F
2-1: Called Strike
2-2: Ball
3-2: Strikes out looking
Batting: SHB Randy Anderson 0-0: Ball
1-0: Ground out 5-3 (Groundball, 56S)
Top of the 5th over - 0 run(s), 0 hit(s), 0 error(s), 0 left on base; Texas 2 - Colorado 0
BOTTOM OF THE 5TH
Colorado Buffaloes batting - Pitching for Texas Longhorns : RHP Clarence Holmes
Batting: RHB Bill Peterson 0-0: Called Strike
0-1: Ball
1-1: Ball
2-1: Ball
3-1: Fly out, F6 (Line Drive, 6)
Batting: RHB Jason Taylor 0-0: Ball
1-0: Ball
2-0: Ground out 5-3 (Groundball, 56)
Batting: SHB Edgardo Guzmán 0-0: Fly out, F4 (Popup, 4)
Bottom of the 5th over - 0 run(s), 0 hit(s), 0 error(s), 0 left on base; Texas 2 - Colorado 0
TOP OF THE 6TH
Texas Longhorns batting - Pitching for Colorado Buffaloes : RHP Willard Castillo
Pitching: RHP Victor Brewer
Batting: RHB Gabriel Byram 0-0: Fly out, F8 (Flyball, 8RM)
Batting: RHB Quentin Barker 0-0: Called Strike
0-1: Foul Ball, location: 2F
0-2: Reached on error, E6 (Groundball, 6)
Batting: SHB Del McNeill 0-0: Ball
1-0: Ball
2-0: Ball
3-0: Base on Balls
Batting: SHB Dave Hickman 0-0: Foul Ball, location: 2F
0-1: Ball
1-1: Foul Ball, location: 2F
1-2: Strikes out swinging
Batting: RHB William Gilmore 0-0: Fly out, F4 (Line Drive, 4M)
Top of the 6th over - 0 run(s), 0 hit(s), 1 error(s), 2 left on base; Texas 2 - Colorado 0
BOTTOM OF THE 6TH
Colorado Buffaloes batting - Pitching for Texas Longhorns : RHP Clarence Holmes
Batting: RHB Jeff Atkinson 0-0: Called Strike
0-1: Foul Ball, location: 2F
0-2: Ball
1-2: Fly out, F4 (Popup, 34D)
Batting: SHB Justin Collier 0-0: Called Strike
0-1: Called Strike
0-2: Ball
1-2: Ball
2-2: Ball
3-2: SINGLE (Groundball, 23) (infield hit)
Pitching: LHP Marvin Cooper
Batting: RHB Eddie Woods 0-0: Ball
1-0: Swinging Strike
1-1: Ball
2-1: Foul Ball, location: 2F
2-2: SINGLE (Groundball, 56D)
Justin Collier to second
Batting: LHB Claudio Jaramillo 0-0: Called Strike
0-1: Ball
1-1: Fly out, F3 (Popup, 3D)
Batting: RHB Preston Manning 0-0: Called Strike
0-1: SINGLE (Line Drive, 7LS)
Justin Collier to third
Eddie Woods to second
Runner from 3rd tries for Home, SAFE, no throw
Batting: LHB Wayne Morgan 0-0: Ball
1-0: Called Strike
1-1: Foul Ball, location: 2F
1-2: Ground out 4-3 (Groundball, 34)
Bottom of the 6th over - 1 run(s), 3 hit(s), 0 error(s), 2 left on base; Texas 2 - Colorado 1
TOP OF THE 7TH
Texas Longhorns batting - Pitching for Colorado Buffaloes : RHP Victor Brewer
Batting: RHB Frank Music 0-0: Ball
1-0: Ball
2-0: Ball
3-0: Base on Balls
Batting: SHB Fabio Morán 0-0: Ball
Frank Music is caught stealing 2nd base
1-0: Foul Ball, location: 2F
1-1: Called Strike
1-2: Ball
2-2: Foul Ball, location: 2F
2-2: Ball
3-2: Base on Balls
Batting: RHB Joe Rogers 0-0: Called Strike
0-1: SINGLE (Groundball, 6D)
Fabio Morán to second
Batting: SHB Randy Anderson 0-0: Ball
1-0: Ball
2-0: Called Strike
2-1: Foul Ball, location: 2F
2-2: Hit by Pitch
Fabio Morán to third
Joe Rogers to second
Batting: RHB Gabriel Byram 0-0: Ball
1-0: Fly out, F8 (Line Drive, 89M)
Runner from 3rd tags up, SCORES, throw made
Batting: RHB Quentin Barker 0-0: Swinging Strike
0-1: Foul Ball, location: 2F
0-2: Fly out, F9 (Flyball, 9)
Top of the 7th over - 1 run(s), 1 hit(s), 0 error(s), 2 left on base; Texas 3 - Colorado 1
BOTTOM OF THE 7TH
Colorado Buffaloes batting - Pitching for Texas Longhorns : LHP Marvin Cooper
Batting: RHB Bill Peterson 0-0: Ball
1-0: Called Strike
1-1: Foul Ball, location: 2F
1-2: Ball
2-2: Ball
3-2: DOUBLE (Line Drive, 89D)
Batting: RHB Jason Taylor 0-0: Ball
1-0: Foul Ball, location: 2F
1-1: Swinging Strike
1-2: Foul Ball, location: 2F
1-2: Ball
Wild Pitch!
Bill Peterson to third
2-2: Foul Ball, location: 2F
2-2: Foul Ball, location: 2F
2-2: Ball
3-2: Base on Balls
Batting: SHB Edgardo Guzmán 0-0: Ball
1-0: Foul Ball, location: 2F
1-1: Foul Ball, location: 2F
1-2: Strikes out swinging
Batting: RHB Jeff Atkinson 0-0: Foul Ball, location: 2F
0-1: Fly out, F9 (Flyball, 89M)
Runner from 3rd tags up, OUT at HOME
Bottom of the 7th over - 0 run(s), 1 hit(s), 0 error(s), 1 left on base; Texas 3 - Colorado 1
TOP OF THE 8TH
Texas Longhorns batting - Pitching for Colorado Buffaloes : RHP Victor Brewer
Batting: SHB Del McNeill 0-0: Ball
1-0: Foul Ball, location: 2F
1-1: Foul Ball, location: 2F
1-2: Ball
2-2: Foul Ball, location: 2F
2-2: Ball
3-2: Strikes out swinging
Batting: SHB Dave Hickman 0-0: SINGLE (Line Drive, 9S)
Batting: RHB William Gilmore 0-0: Ball
1-0: Swinging Strike
1-1: Swinging Strike
1-2: Strikes out swinging
Batting: RHB Frank Music 0-0: Called Strike
0-1: Called Strike
0-2: Foul Ball, location: 2F
0-2: Ball
1-2: Ball
Dave Hickman steals 2nd base
2-2: Foul Ball, location: 2F
2-2: Foul Ball, location: 2F
2-2: Ball
3-2: Foul Ball, location: 2F
3-2: Base on Balls
Pitching: RHP Geoff Reeves
Batting: SHB Fabio Morán 0-0: Called Strike
0-1: Swinging Strike
0-2: Ball
1-2: Strikes out swinging
Top of the 8th over - 0 run(s), 1 hit(s), 0 error(s), 2 left on base; Texas 3 - Colorado 1
BOTTOM OF THE 8TH
Colorado Buffaloes batting - Pitching for Texas Longhorns : LHP Marvin Cooper
Batting: SHB Justin Collier 0-0: TRIPLE (Flyball, 9)
Pitching: RHP Ellis Coleman
Batting: RHB Eddie Woods 0-0: Foul Ball, location: 2F
0-1: Ball
1-1: Ball
2-1: Ball
3-1: SINGLE (Groundball, 5S) (infield hit)
Justin Collier scores
Pitching: LHP Tim Morrison
Batting: LHB Claudio Jaramillo 0-0: Ball
1-0: Ball
2-0: Swinging Strike
2-1: Foul Ball, location: 2F
2-2: Ball
3-2: Base on Balls
Eddie Woods to second
Pitching: RHP Matt Harrison
Batting: RHB Preston Manning 0-0: Ball
1-0: Called Strike
1-1: Ball
2-1: Ball
3-1: Base on Balls
Eddie Woods to third
Claudio Jaramillo to second
Pitching: LHP Jonathan Irving
Batting: LHB Wayne Morgan 0-0: Called Strike
0-1: Foul Ball, location: 2F
0-2: Ball
1-2: Ball
2-2: Strikes out swinging
Pitching: RHP Dan Garrett
Batting: RHB Bill Peterson 0-0: Ball
1-0: Ball
2-0: Foul Ball, location: 2F
2-1: Ball
3-1: Base on Balls
Eddie Woods scores
Claudio Jaramillo to third
Preston Manning to second
Batting: RHB Jason Taylor 0-0: Ball
1-0: Ball
2-0: Ball
3-0: Base on Balls
Claudio Jaramillo scores
Preston Manning to third
Bill Peterson to second
Batting: SHB Edgardo Guzmán 0-0: Ball
1-0: Called Strike
1-1: Foul Ball, location: 2F
1-2: Ball
2-2: Foul Ball, location: 2F
2-2: Foul Ball, location: 2F
2-2: Strikes out swinging
Batting: RHB Jeff Atkinson 0-0: Called Strike
0-1: Ball
1-1: Called Strike
1-2: Ball
2-2: Fly out, F7 (Line Drive, 78M)
Bottom of the 8th over - 3 run(s), 2 hit(s), 0 error(s), 3 left on base; Texas 3 - Colorado 4
TOP OF THE 9TH
Texas Longhorns batting - Pitching for Colorado Buffaloes : RHP Geoff Reeves
Pitching: RHP Lawrence Miller
Batting: RHB Joe Rogers 0-0: Called Strike
0-1: Ball
1-1: Ball
2-1: Ball
3-1: Called Strike
3-2: SINGLE (Line Drive, 89S)
Batting: SHB Randy Anderson 0-0: Swinging Strike
0-1: Ball
1-1: Ball
2-1: DOUBLE (Flyball, 78D)
Joe Rogers to third
Batting: RHB Gabriel Byram 0-0: Ball
1-0: Foul Ball, location: 2F
1-1: Ball
2-1: Foul Ball, location: 2F
2-2: Foul Ball, location: 2F
2-2: Ball
3-2: Base on Balls
Batting: RHB Quentin Barker 0-0: Ball
1-0: Ball
2-0: Ball
3-0: Base on Balls
Joe Rogers scores
Randy Anderson to third
Gabriel Byram to second
Batting: SHB Del McNeill 0-0: Ball
1-0: Called Strike
1-1: Called Strike
1-2: Strikes out looking
Batting: SHB Dave Hickman 0-0: Ball
1-0: Grounds into fielders choice 3-2 (Groundball, 23)
Gabriel Byram to third
Quentin Barker to second
Batting: RHB William Gilmore 0-0: Swinging Strike
0-1: Swinging Strike
0-2: Ball
1-2: Strikes out looking
Top of the 9th over - 1 run(s), 2 hit(s), 0 error(s), 3 left on base; Texas 4 - Colorado 4
BOTTOM OF THE 9TH
Colorado Buffaloes batting - Pitching for Texas Longhorns : RHP Dan Garrett
Batting: SHB Justin Collier 0-0: Foul Ball, location: 2F
0-1: SINGLE (Flyball, 78S)
Batting: RHB Eddie Woods 0-0: Ball
1-0: Sac Bunt - play at first, batter OUT! 3-4
Justin Collier to second
Batting: LHB Claudio Jaramillo 0-0: Intentional Walk
Batting: RHB Preston Manning 0-0: Ball
Claudio Jaramillo is caught stealing 2nd base
1-0: Ball
2-0: Ball
3-0: Base on Balls
Batting: LHB Wayne Morgan 0-0: Called Strike
0-1: Ground out 3-1 (Groundball, 34)
Bottom of the 9th over - 0 run(s), 1 hit(s), 0 error(s), 2 left on base; Texas 4 - Colorado 4
TOP OF THE 10TH
Texas Longhorns batting - Pitching for Colorado Buffaloes : RHP Lawrence Miller
Batting: RHB Frank Music 0-0: Ball
1-0: Ball
2-0: Ball
3-0: Base on Balls
Batting: SHB Fabio Morán 0-0: Ball
1-0: Ball
2-0: Called Strike
2-1: Called Strike
2-2: Foul Ball, location: 2F
2-2: Strikes out swinging
Batting: RHB Joe Rogers 0-0: Called Strike
0-1: Ball
1-1: Ball
2-1: Ball
3-1: Swinging Strike
3-2: Base on Balls
Frank Music to second
Batting: SHB Randy Anderson 0-0: Ball
1-0: Ball
2-0: Called Strike
2-1: Fielders Choice at 2nd, 4-6 (Groundball, 4)
Frank Music to third
Batting: RHB Gabriel Byram 0-0: SINGLE (Groundball, 34D)
Frank Music scores
Randy Anderson to second
Throwing error, E9
Randy Anderson scores
Gabriel Byram to second
Batting: RHB Quentin Barker 0-0: Intentional Walk
Pitching: LHP Mark Harper
Batting: SHB Del McNeill 0-0: Called Strike
0-1: Ball
1-1: Ball
2-1: Ball
3-1: Fly out, F9 (Flyball, 89S)
Top of the 10th over - 2 run(s), 1 hit(s), 1 error(s), 2 left on base; Texas 6 - Colorado 4
BOTTOM OF THE 10TH
Colorado Buffaloes batting - Pitching for Texas Longhorns : RHP Dan Garrett
Pitching: RHP Dan Duarte
Now at C: Bob Cooper
Batting: RHB Bill Peterson 0-0: Ball
1-0: Swinging Strike
1-1: Ball
2-1: Ball
3-1: Base on Balls
Batting: RHB Jason Taylor 0-0: Fly out, F2 (Popup, 56S)
Batting: SHB Edgardo Guzmán 0-0: Foul Ball, location: 2F
0-1: Ball
1-1: Ball
Passed Ball!
Bill Peterson to second
2-1: Ground out 4-3 (Groundball, 4M)
Bill Peterson to third
Batting: RHB Jeff Atkinson 0-0: Ball
1-0: Swinging Strike
1-1: Foul Ball, location: 2F
1-2: Ball
2-2: Ball
3-2: Foul Ball, location: 2F
3-2: Fly out, F5 (Popup, 5L)
Bottom of the 10th over - 0 run(s), 0 hit(s), 0 error(s), 1 left on base; Texas 6 - Colorado 4
Tuesday, August 8th, 2017 - OOTP Baseball 17.12 Build 75